Map: Eastwatch LE

Players

fruitcake

  • Race: Protoss Protoss
  • Spawn Location: 1:00

A.I. 1 (Harder) - Winner!

  • Race: Protoss Protoss
  • Spawn Location: 7:00

VOD

Have the link to the VOD?

Description

Time

  • Played on: May 6, 2018, 7:49 a.m.
  • Length: 10:21
Show
View Real Time Build Order
Export as new Build Order

fruitcake Protoss 

Build Orders:  

Get SALT Encoding   

  1  0:00  Probe  
  12  0:06  Probe  
  14  0:17  Pylon  
  14  0:21  Probe  
  15  0:29  Assimilator  
  15  0:35  Probe  
  16  0:43  Gateway  
  16  0:50  Probe  
  17  0:59  Probe  
  18  1:05  Gateway  
  18  1:07  Probe  
  19  1:19  Probe  
  19  1:22  Assimilator  
  20  1:32  Forge  
  20  1:34  Zealot  
  22  1:41  Pylon  
  22  1:55  Cybernetics Core  
  22  1:58  Probe  
  22  1:59  Zealot  
  25  2:09  Zealot  
  25  2:13  Protoss Ground Weapons Level 1  
  27  2:18  Pylon  
  27  2:28  Probe  
  28  2:31  Warp Gate  
  28  2:38  Stalker  
  30  2:47  Stalker  
  32  3:08  Stalker  
  34  3:17  Stalker  
  36  3:20  Pylon  
  36  3:30  Pylon  
  36  3:38  Adept  
  38  3:48  Adept  
  40  4:03  Protoss Ground Armor Level 1  
  40  4:05  Stalker  
  42  4:15  Zealot  
  44  4:35  Stalker  
  46  4:42  Stalker  
  44  5:05  Adept  
  40  5:12  Stalker  
  42  5:18  Nexus  
  42  5:29  Adept  
  44  5:42  Zealot, Gateway  
  46  5:49  Stalker  
  46  5:55  Probe  
  49  6:02  Stalker  
  51  6:19  Pylon, Stalker  
  53  6:26  Pylon  
  53  6:29  Stalker, Probe  
  53  6:30  Stalker  
  57  6:37  Probe  
  59  6:49  Stalker  
  59  6:53  Assimilator  
  61  6:55  Assimilator  
  61  6:56  Probe  
  62  7:08  Probe  
  63  7:20  Probe  
  63  7:22  Stalker x2  
  68  7:46  Stalker x2  
  68  7:47  Stalker  
  74  8:01  Pylon  
  74  8:03  Pylon  
  74  8:08  Pylon  
  74  8:12  Pylon  
  74  8:16  Probe  
  74  8:24  Probe  
  75  8:29  Stalker x3  
  82  8:36  Probe  
  65  8:54  Stalker x3  
  69  9:03  Gateway  
  69  9:08  Gateway  
  69  9:20  Probe  
  70  9:25  Stargate  
  70  9:28  Probe  
  70  9:36  Probe  
  71  9:38  Stalker x2  
  74  9:48  Probe  
  49  10:05  Stalker  
  49  10:06  Stalker x2  
Show
View Real Time Build Order
Export as new Build Order

A.I. 1 (Harder) Protoss - Winner!

Build Orders: 1 Gate Expand 

Get SALT Encoding   

  12  0:00  Probe  
  13  0:13  Probe  
  14  0:19  Pylon  
  14  0:25  Probe  
  15  0:34  Probe  
  15  0:40  Gateway  
  15  0:42  Probe  
  17  1:09  Probe  
  17  1:11  Nexus  
  18  1:27  Zealot  
  18  1:30  Pylon  
  20  1:33  Assimilator  
  20  1:42  Cybernetics Core  
  20  1:43  Probe  
  21  1:54  Probe  
  22  2:02  Probe  
  22  2:07  Gateway  
  23  2:11  Probe  
  23  2:15  Assimilator  
  24  2:20  Probe  
  24  2:21  Stalker  
  26  2:29  Probe  
  28  2:41  Pylon  
  28  2:50  Stalker  
  28  2:51  Adept  
  30  2:58  Assimilator  
  32  3:11  Probe  
  33  3:16  Stargate  
  33  3:26  Assimilator  
  33  3:27  Probe  
  33  3:32  Probe  
  35  3:35  Probe  
  36  3:43  Warp Gate  
  36  3:44  Probe  
  36  3:45  Probe  
  38  3:49  Void Ray  
  38  3:57  Gateway  
  42  4:15  Stalker  
  44  4:23  Pylon  
  44  4:29  Stalker  
  46  4:37  Probe  
  46  4:44  Probe, Sentry  
  49  4:49  Probe  
  50  4:55  Probe  
  50  4:58  Void Ray  
  55  5:01  Probe  
  55  5:04  Forge  
  56  5:16  Pylon, Probe  
  56  5:17  Probe  
  58  5:27  Probe  
  58  5:29  Probe, Protoss Ground Armor Level 1  
  58  5:35  Probe  
  60  5:37  Zealot  
  63  5:44  Probe x2  
  63  5:46  Pylon  
  65  5:52  Zealot  
  65  5:56  Probe  
  68  5:57  Probe  
  69  6:07  Stalker  
  69  6:08  Probe  
  69  6:10  Probe  
  73  6:12  Pylon  
  73  6:20  Probe  
  73  6:21  Stalker  
  76  6:28  Twilight Council  
  76  6:31  Probe  
  76  6:34  Pylon  
  76  6:35  Stalker  
  76  6:37  Probe  
  76  6:39  Probe  
  80  6:46  Blink  
  81  6:49  Stalker, Probe  
  81  6:52  Probe  
  85  6:57  Pylon  
  85  7:01  Probe  
  86  7:04  Protoss Ground Weapons Level 1, Stalker  
  88  7:18  Sentry  
  88  7:19  Robotics Facility  
  90  7:27  Pylon  
  90  7:31  Photon Cannon  
  90  7:32  Photon Cannon, Void Ray  
  90  7:33  Probe  
  94  7:38  Pylon  
  94  7:40  Pylon  
  94  7:46  Forge  
  94  8:01  Photon Cannon  
  94  8:04  Photon Cannon  
  94  8:06  Observer  
  94  8:08  Photon Cannon  
  95  8:15  Void Ray  
  99  8:27  Observer  
  100  8:38  Zealot  
  94  8:53  Zealot  
  96  8:58  Warp Prism  
  96  9:06  Zealot  
  100  9:10  Gateway  
  100  9:15  Robotics Facility  
  100  9:17  Stargate, Nexus  
  100  9:20  Robotics Bay  
  100  9:22  Pylon  
  100  9:24  Warp Prism  
  102  9:46  Pylon  
  98  9:58  Observer  
  96  10:01  Fleet Beacon  
  91  10:17  Gateway  
Tags
 
Add a new tag
Caveats
  • Supply blocks, unpowered buildings, or Contaminate may cause inaccurate times.
  • Supply counts are checked every 10 seconds.